 Dungeon Crawl Stone Soup version 0.31-a0-154-g56bf346678 (webtiles) character file.

Game seed: 16264999658029303701

1690874 PaperRat the Champion of Chaos (level 27, 182/182 HPs)
             Began as a Djinni Air Elementalist on June 10, 2023.
             Was the Champion of Makhleb.
             Escaped with the Orb
             ... and 3 runes on June 11, 2023!
             The game lasted 07:06:37 (70000 turns).

PaperRat the Champion of Chaos (DjAE)              Turns: 70000, Time: 07:06:37

Health: 182/182    AC: 24    Str: 17    XL:     27
Gold:   3253       EV: 26    Int: 30    God:    Makhleb [******] SH: 10 Dex: 23

rFire   + + +        a - +9 double sword (freeze)
rCold   + . .        y - +3 buckler {rC+}
rNeg    + . .        R - +6 faerie dragon scales {Will++ rCorr HP-2}
rPois   ∞            m - +2 hat {SInv}
rElec   +            J - +2 cloak "Omur" {rF++ Int+3 Stlth-}
rCorr   +            u - +2 pair of gloves
SInv    +            (boots unavailable)
Will    +++++        M - amulet "Myoji" {Will+ Regen+ Str+4 Dex+2}
Stlth   +            Y - ring "Hyqa" {+Blink rElec rF+ Will+ Str+3, =R}
HPRegen 1.30/turn    j - ring of Mistrust {Fly rC+ rN+ Str+4}
MPRegen 0.00/turn

%: no passive effects
@: flying
A: sickness immunity, fire resistance 2, cold vulnerability 1, float, innate
caster, HP casting, extra vitality 1, agile 1, frail 1
0: Orb of Zot
}: 3/15 runes: barnacled, silver, gossamer
a: Renounce Religion, Evoke Blink, Minor Destruction, Lesser Servant of Makhleb,
Major Destruction, Greater Servant of Makhleb


You escaped.
You worshipped Makhleb.
Makhleb was exalted by your worship.
You visited 10 branches of the dungeon, and saw 48 of its levels.
You also visited: Sewer, Ice Cave, Wizlab and Desolation.

You collected 9886 gold pieces.
You spent 6633 gold pieces at shops.

Inventory:

Hand Weapons
 a - a +9 double sword of freezing (weapon)
 q - the +3 hand axe of the Real Monster {drain, rC+ rN+ Will+ rCorr}
   (You bought it in a shop on level 9 of the Dungeon)

   rC:        It protects you from cold.
   rN:        It protects you from negative energy.
   rCorr:     It protects you from acid and corrosion.
   Will:      It increases your willpower.
 w - the +7 mace "Globulus" {heavy, rN+ Will++ Str-3 SInv}
   (You found it in the Desolation of Salt)

   Str:       It affects your strength (-3).
   rN:        It protects you from negative energy.
   SInv:      It lets you see invisible.
   Will:      It greatly increases your willpower.
Missiles
 F - 6 curare-tipped darts (quivered)
 S - 4 throwing nets {!f}
Armour
 m - a +2 hat of see invisible (worn)
 t - a +1 helmet of intelligence
 u - a +2 pair of gloves (worn)
 v - a +0 troll leather armour
 y - a +3 buckler of cold resistance (worn)
 J - the +2 cloak "Omur" (worn) {rF++ Int+3 Stlth-}
   (You found it in the Desolation of Salt)

   Int:       It affects your intelligence (+3).
   rF:        It greatly protects you from fire.
   Stlth:     It makes you less stealthy.
 R - the +6 faerie dragon scales (worn) {Will++ rCorr HP-2}
   (You took it off the Enchantress on level 3 of the Depths)

   HP:        It affects your health (-2).
   rCorr:     It protects you from acid and corrosion.
   Will:      It greatly increases your willpower.
Magical Staves
 O - the staff of cold "Befaecu" {rElec rC+ rN+ Int+4}
   (You found it on level 2 of the Depths)

   [staff of cold]

   Base accuracy: +5 Base damage: 5 Base attack delay: 1.2 This weapon's minimum
   attack delay (0.6) is reached at skill level 12.
   Int:       It affects your intelligence (+4).
   rC:        It protects you from cold.
   rElec:     It insulates you from electricity.
   rN:        It protects you from negative energy.
   It falls into the 'Staves' category.
   It is a one-handed weapon.
Jewellery
 j - the ring of Mistrust (right hand) {Fly rC+ rN+ Str+4}
   (You took it off a deep elf zephyrmancer on level 3 of the Elven Halls)

   [ring of flight]

   Str:       It affects your strength (+4).
   rC:        It protects you from cold.
   rN:        It protects you from negative energy.
   Fly:       It grants you flight.
 r - a ring of wizardry
 M - the amulet "Myoji" (around neck) {Will+ Regen+ Str+4 Dex+2}
   (You took it off an imperial myrmidon in the Desolation of Salt)

   [amulet of regeneration]

   Str:       It affects your strength (+4).
   Dex:       It affects your dexterity (+2).
   Regen:     It increases your rate of health regeneration.
   Will:      It increases your willpower.
 T - a ring of see invisible
 U - the ring of the Sky {Will++ rCorr Str-5 Int+6}
   (You took it off a deep elf master archer on level 3 of the Elven Halls)

   [ring of intelligence]

   Str:       It affects your strength (-5).
   Int:       It affects your intelligence (+6).
   rCorr:     It protects you from acid and corrosion.
   Will:      It greatly increases your willpower.
 W - the ring of Ydosty {rC+ EV+5 Slay+2}
   (You took it off a yaktaur captain on level 3 of the Vaults)

   [ring of evasion]

   EV:        It affects your evasion (+5).
   Slay:      It affects your accuracy & damage with ranged weapons and melee
   (+2).
   rC:        It protects you from cold.
 Y - the ring "Hyqa" (left hand) {+Blink rElec rF+ Will+ Str+3, =R}
   (You bought it in a shop on level 2 of the Elven Halls)

   [ring of willpower]

   Str:       It affects your strength (+3).
   rF:        It protects you from fire.
   rElec:     It insulates you from electricity.
   +Blink:    It lets you blink.
   Will:      It increases your willpower.
Wands
 b - a wand of iceblast (24)
 c - a wand of acid (9)
 d - a wand of digging (15)
 n - a wand of paralysis (12)
 z - a wand of mindburst (7)
Scrolls
 e - 15 scrolls of teleportation {@r3}
 i - a scroll of blinking {@r5}
 s - 7 scrolls of poison
 E - 6 scrolls of fear {@r4}
 G - 9 scrolls of fog {@r2}
 I - 3 scrolls of magic mapping
 K - 3 scrolls of immolation
 P - 6 scrolls of vulnerability
 Q - 3 scrolls of summoning
Potions
 g - 7 potions of resistance
 h - 2 potions of might {@q3}
 k - 11 potions of ambrosia
 l - 2 potions of cancellation
 o - 12 potions of enlightenment {@q6}
 p - 15 potions of curing {@q1}
 x - 2 potions of heal wounds {@q2}
 D - a potion of mutation {@q7}
 H - 7 potions of lignification
 L - 6 potions of brilliance {@q5}
 N - 3 potions of haste {@q4}
Miscellaneous
 B - a phantom mirror (inert)
 C - a condenser vane
 V - a lightning rod (4/4)
 X - a box of beasts (inert)
 Z - a phial of floods


   Skills:
 - Level 20.0 Fighting
 - Level 16.0 Long Blades
 - Level 4.0 Staves
 + Level 12.2 Armour
 + Level 18.1 Dodging
 + Level 9.8 Stealth
 - Level 8.0 Shields
 - Level 20.0 Spellcasting
 - Level 20.0 Conjurations
 - Level 20.0 Hexes
 - Level 20.0 Summonings
 - Level 20.0 Necromancy
 - Level 20.0 Translocations
 - Level 20.0 Transmutations
 - Level 20.0 Fire Magic
 - Level 20.0 Ice Magic
 - Level 20.0 Air Magic
 - Level 20.0 Earth Magic
 - Level 20.0 Poison Magic
 - Level 20.5 Invocations
 - Level 18.0 Evocations


You knew the following spells:

 Your Spells              Type           Power      Damage    Failure   Level
a - Airstrike             Air            50%        2d(8-24)  0%          4
b - Arcjolt               Conj/Air       50%        1d60      0%          5
c - Summon Cactus Giant   Summ           50%        N/A       1%          6
d - Enfeeble              Hex            50%        N/A       1%          7
e - Summon Small Mammal   Summ           100%       N/A       0%          1
f - Call Canine Familiar  Summ           100%       N/A       0%          3
g - Static Discharge      Conj/Air       100%       2-7/arc   0%          2
h - Swiftness             Air            100%       N/A       0%          3
i - Dispersal             Tloc           50%        N/A       1%          6
j - Borgnjor's Revivific  Necr           50%        N/A       3%          8
k - Shatter               Erth           50%        3d38*     45%         9
l - Wereblood             Tmut           100%       N/A       0%          2
m - Shock                 Conj/Air       100%       1d9       0%          1
o - Blade Hands           Tmut           50%        N/A       0%          5
p - Lesser Beckoning      Tloc           100%       N/A       0%          2
s - Discord               Hex            50%        N/A       3%          8
v - Summon Hydra          Summ           50%        N/A       1%          7
Your spell library was empty.

Dungeon Overview and Level Annotations

Branches:
Dungeon (15/15)            Temple (1/1) D:4            Lair (5/5) D:8
 Shoals (4/4) Lair:2       Spider (4/4) Lair:3        Slime (0/5) Lair:5
    Orc (2/2) D:9             Elf (3/3) Orc:2        Vaults (5/5) D:13
  Crypt (0/3) Vaults:2     Depths (4/4) D:15            Zot (5/5) Depths:4
  Sewer (visited)           IceCv (visited)          WizLab (visited)
Desolation (visited)

Altars:
Dithmenos
Elyvilon
Fedhas
Gozag
Makhleb
Nemelex Xobeh
Okawaru
Qazlal
Trog
Uskayaw
Wu Jian
Yredelemnul
The Shining One
Lugonu

Shops:
D:1 :   D:9 ((   D:10 :?*[   D:12 (   D:13 ?   Orc:1 *   Orc:2 ?=[=   Elf:1 !
Elf:2 =   Vaults:4 [   Depths:1 !   Depths:2 ?=[?:   Depths:4 ([=*

Portals:
Hell: Depths:1 Depths:2 Depths:3 Depths:4
Abyss: Shoals:2 Depths:2 Depths:3
Pandemonium: Depths:1 Depths:2*
Ziggurat: Depths:2

Annotations:
D:5 dig


Innate Abilities, Weirdness & Mutations

You are immune to sickness and miasma.
You are immune to poison.
Your flesh is very heat resistant. (rF++)
You are vulnerable to cold. (rC-)
You float through the air rather than walking.
You learn spells naturally, not from books.
Your magical power is your life essence.
You have superior vitality. (+4 MHP)
You are agile. (Dex +4, Str/Int -1)
You are frail. (-10% HP)


Message History

(N) Spider Nest (M) Slime Pits (O) Orcish Mines (E) Elven Halls (V) Vaults (C) Crypt (U) Depths (H) Hell (Z) Zot
Where to? (Enter - D:1 @ (x,y), ? - help)
A toenail golem comes into view.
There is a stone staircase leading up here.
You fly upwards.
There is a stone staircase leading down here.
(D) Dungeon (T) Temple (L) Lair (A) Shoals (N) Spider Nest (M) Slime Pits (O) Orcish Mines (E) Elven Halls (V) Vaults (C) Crypt (U) Depths (H) Hell (Z) Zot
Where to? (Enter - D:1 @ (x,y), ? - help)
There is a stone staircase leading up here.
You fly upwards.
There is a stone staircase leading down here.
There is a stone staircase leading up here.
You fly upwards.
There is a stone staircase leading down here.
A Houm and a lich come into view.
Throw: 6 darts (curare)
Press: ? - help, Q - select action, (/) - cycle Shift-Dir - straight line, f - Houm
Aim: Houm (47% to hit)
Okay, then.
Blink to where?
Press: ? - help, Dir - move target
As you read the scroll of blinking {@r5}, it crumbles to dust.
Houm moves out of view.
The lich moves out of view.
There is a stone staircase leading up here.
You fly upwards.
There is a stone staircase leading down here.
Aiming: Dig
Press: ? - help, Shift-Dir - straight line A rock wall.
This square is covered in magical glow.
The rock shatters into small pieces.
A cacodemon and 3 sixfirhies come into view.
There is a staircase leading out of the dungeon here.
The sixfirhy completely misses you. You block the sixfirhy's attack.
You have escaped!

#.# ####.######'####.#...
#.####.......###.####.#...
#........⌠.........##.#...
#####.:⌠...⌠..####.##.#...
##.......## #.#..#...
##..⌠..## ##..>.'...
##...## ##.#####...
####...#####.## ####
#######....@....#.#####
#..........3..........#
#..⌠..2.⌠3....⌠....⌠..#
#.....⌠....#....⌠.....#
##..⌠....####.....⌠..##
##...3### ####....##
##>### ###>## ### ###


You could see a cacodemon and 3 sixfirhies.

Vanquished Creatures
  5 dread liches
  Tiamat (Zot:1)
  2 ancient liches (Zot:5)
  6 orbs of fire (Zot:5)
  The ghost of Sojiosifa the Brawler, a veteran TrSu of Gozag (Zot:2)
  A Killer Klown (Zot:5)
  3 curse toes
  The ghost of Chingon the End of an Era, an adept HOFi of Qazlal (Elf:2)
  4 golden dragons
  the Enchantress (Depths:3)
  A bone dragon (Depths:4)
  An electric golem (Zot:5)
  10 tentacled monstrosities
  Jorgrun (Spider:1)
  A walking crystal tome (Zot:2)
  Zenata (Elf:2)
  Asterion (Vaults:2)
  8 Orb Guardians
  2 walking earthen tomes
  2 liches
  2 deep elf blademasters (Elf:3)
  7 quicksilver dragons
  2 deep elf master archers (Elf:3)
  Agnes (D:15)
  8 death cobs
  3 sphinxes
  2 tengu reavers (Vaults:5)
  4 storm dragons
  Donald (Shoals:1)
  Roxanne (Spider:2)
  4 draconian monks
  3 shadow dragons
  3 fire giants
  2 draconian knights
  An iron dragon (Elf:1)
  3 narguns (Zot:2)
  4 deep elf sorcerers (Elf:3)
  4 frost giants
  6 vault wardens
  A draconian scorcher (Zot:4)
  8 ghost moths
  4 emperor scorpions (Spider:4)
  3 draconian stormcallers
  4 imperial myrmidons (Desolation)
  The ghost of bmj180 the Brawler, a journeyman TrBe of Trog (Lair:4)
  Louise (Spider:1)
  2 orc warlords
  4 deep elf elementalists (Elf:3)
  3 draconian shifters (Zot:2)
  A draconian annihilator (Zot:4)
  4 very ugly things
  2 reapers
  5 spriggan defenders
  6 ironbound preservers
  2 formless jellyfish
  4 vampire knights
  3 ironbound thunderhulks
  10 deep elf demonologists
  Azrael (Orc:2)
  8 stone giants
  A halazid warlock (Desolation)
  9 deep elf annihilators
  8 green draconians
  6 purple draconians
  A white draconian (Zot:4)
  2 dire elephants
  7 black draconians
  6 red draconians
  A yellow draconian (Zot:4)
  A spark wasp (Depths:3)
  A dire elephant (shapeshifter) (Depths:2)
  A crystal guardian (Desolation)
  4 ettins
  3 jiangshi (Depths:3)
  3 merfolk javelineers
  7 deep elf death magi
  8 fire dragons
  5 yaktaur captains
  Erolcha (Orc:2)
  2 entropy weavers
  3 merfolk impalers (Shoals:4)
  5 great orbs of eyes
  A rakshasa (Depths:3)
  12 servants of whispers
  5 hydras
  8 ragged hierophants (Desolation)
  4 merfolk avatars
  2 radroaches
  An ice dragon (Depths:3)
  A catoblepas (Lair:4)
  2 spriggan air magi (Depths:1)
  3 vault guards
  6 peacekeepers (Desolation)
  7 centaur warriors
  An ogre mage (Vaults:5)
  2 ironbound frosthearts
  16 dancing weapons
  4 two-headed ogres
  A boulder beetle (D:15)
  An alligator snapping turtle (Shoals:1)
  7 satyrs
  7 tengu warriors
  A vampire mage (Depths:3)
  3 orc high priests (Orc:2)
  A hell hog (D:8)
  A merfolk aquamancer (Shoals:4)
  4 spriggan berserkers
  3 deep troll earth magi
  A death scarab (Spider:3)
  13 deep elf knights
  A soul eater (D:8)
  A hell knight (Depths:3)
  3 iron trolls
  2 sun demons
  5 skysharks
  2 skeletal warriors (WizLab)
  2 glowing orange brains (Depths:2)
  2 pharaoh ants
  8 sea snakes
  9 deep elf archers
  A flayed ghost (Depths:4)
  11 deep trolls
  5 orb spiders
  4 phantasmal warriors
  A large abomination (Elf:1)
  8 ironbound convokers
  2 wizards
  8 lindwurms
  3 orc knights
  3 steelbarb worms
  17 harpies
  3 necromancers (Elf:1)
  22 deep elf zephyrmancers
  2 orc sorcerers
  25 fauns
  13 deep elf pyromancers
  21 ugly things
  8 wolf spiders
  7 cyclopes
  6 merfolk sirens
  A spectral centaur (D:13)
  A faun (shapeshifter) (Depths:2)
  16 moths of wrath
  An oklob plant (Spider:1)
  14 manticores
  Joseph (D:7)
  Maurice (D:8)
  12 vault sentinels
  3 molten gargoyles (Desolation)
  6 water nymphs
  5 guardian serpents (Desolation)
  8 elephants (Lair:5)
  2 torpor snails
  3 black mambas
  2 centaur zombies (D:13)
  An ice statue (IceCv)
  A gargoyle (D:14)
  13 cane toads
  A hellion (Zot:1)
  5 rime drakes
  2 centaur skeletons (D:13)
  A kobold demonologist (Depths:2)
  8 yaktaurs
  8 komodo dragons
  2 efreet (D:13)
  A freezing wraith (D:14)
  4 tengu conjurers
  28 merfolk
  2 meliai (shapeshifter)
  The ghost of Chingon the Trooper, an amateur DsMo (D:5)
  24 tarantellas
  4 wind drakes
  3 meliai (Lair:5)
  Grinder (D:4)
  A wolf spider simulacrum (D:14)
  4 trolls
  A queen bee (Lair:5)
  4 polar bears
  17 blink frogs
  9 hornets
  57 saltlings
  4 snapping turtles
  12 dream sheep
  A jumping spider (shapeshifter) (D:14)
  12 slime creatures
  18 jumping spiders
  9 water elementals
  2 centaur simulacra
  3 wraiths
  16 spriggans
  4 vampires (WizLab)
  2 air elementals (Elf:1)
  Eustachio (D:5)
  12 culicivoras
  A dire elephant simulacrum (IceCv)
  57 yaks
  A spriggan (shapeshifter) (D:14)
  4 fire elementals
  10 humans (D:13)
  4 wyverns
  A basilisk (Lair:3)
  A fire bat (shapeshifter) (D:14)
  A neqoxec (D:8)
  30 redbacks
  4 steam dragons
  A redback (shapeshifter) (D:14)
  A chaos spawn (Depths:2)
  A death yak simulacrum (IceCv)
  3 wargs
  4 acid dragons (Spider:1)
  A nameless horror (D:14)
  3 two-headed ogre zombies (WizLab)
  Duvessa (D:4)
  3 hell hounds (Orc:2)
  6 water moccasins
  A floating eye (Zot:1)
  19 orc warriors
  Pargi (Sewer)
  4 ice beasts
  6 black bears
  9 boggarts
  44 wolves
  18 centaurs
  9 ogres
  A phantom (D:7)
  Blork the orc (D:4)
  3 kobold brigands
  17 bullfrogs
  A necrophage (D:5)
  4 elf zombies (Elf:1)
  5 scorpions
  2 earth elementals (Elf:2)
  2 gnoll sergeants
  2 water moccasin zombies (D:5)
  5 cane toad simulacra (IceCv)
  16 wights
  Dowan (D:4)
  7 troll zombies (WizLab)
  28 killer bees
  An oklob sapling (D:4)
  An electric eel (Lair:4)
  A bullfrog zombie (D:5)
  A hound (D:4)
  2 quasits (D:5)
  3 jellies (Lair:5)
  A gnoll bouda (D:8)
  A human zombie (D:5)
  32 orc priests
  Crazy Yiuf (D:5)
  Ijyb (D:5)
  Terence (D:2)
  3 iguanas
  13 orc wizards
  A troll simulacrum (IceCv)
  5 hell rats (Lair:5)
  6 spriggan simulacra (IceCv)
  A statue (D:6)
  3 wolf simulacra (IceCv)
  5 ogre zombies (WizLab)
  A hound zombie (D:5)
  2 mummies (D:5)
  9 gnolls
  13 adders
  3 naga simulacra (IceCv)
  9 white imps
  10 ufetubi
  An adder zombie (D:5)
  2 worms
  2 dart slugs
  58 orcs
  2 endoplasms
  3 giant cockroaches
  9 goblins
  5 hobgoblins
  9 jackals
  3 quokkas
  3 ball pythons
  6 bats
  7 frilled lizards
  15 kobolds
  5 rats
  A lurking horror (Shoals:2)
1579 creatures vanquished.

Vanquished Creatures (collateral kills)
  2 dread liches (Zot:1)
  An orb of fire (Zot:5)
  2 ancient liches
  Bai Suzhen (Vaults:2)
  Frederick (Vaults:2)
  2 Killer Klowns (Zot:5)
  Vv (Zot:1)
  Margery (Depths:3)
  2 caustic shrikes (Depths:2)
  7 golden dragons
  An electric golem (Zot:5)
  Rupert (D:13)
  2 hellephants (Depths:3)
  10 tentacled monstrosities
  3 liches
  A Hell Sentinel (D:8)
  2 walking earthen tomes (Zot:2)
  17 Orb Guardians (Zot:5)
  6 titans
  A kraken (Shoals:2)
  A deep elf blademaster (Elf:2)
  An acid blob (Spider:1)
  4 death cobs
  An ancient champion (WizLab)
  2 sphinxes
  3 shadow dragons
  4 tengu reavers
  6 storm dragons
  5 draconian knights
  2 narguns (Zot:2)
  2 deep elf sorcerers
  A draconian monk (Zot:4)
  6 fire giants
  2 emperor scorpions (Spider:4)
  11 vault wardens
  7 frost giants
  4 draconian scorchers
  An imperial myrmidon (Desolation)
  An iron dragon (Depths:3)
  A deep elf elementalist (Elf:2)
  2 ghost moths
  7 draconian annihilators
  Aizul (Depths:1)
  2 draconian shifters (Zot:4)
  14 ironbound preservers
  22 very ugly things
  A spriggan defender (Depths:1)
  An ironbound thunderhulk (Vaults:3)
  11 stone giants
  A deep elf demonologist (Elf:3)
  4 green draconians
  4 vampire knights
  2 demonspawn black suns (Zot:3)
  A lorocyproca (Zot:3)
  3 deep elf annihilators
  8 dire elephants
  3 halazid warlocks (Desolation)
  9 purple draconians
  2 black draconians
  6 red draconians
  10 white draconians
  11 yellow draconians
  2 deep elf death magi (Vaults:5)
  3 fire dragons
  A green death (D:8)
  6 ettins
  Josephine (D:13)
  3 merfolk impalers
  A ragged hierophant (Desolation)
  2 great orbs of eyes (Vaults:3)
  5 deep elf high priests
  A rakshasa (Depths:2)
  21 vault guards
  4 entropy weavers (Spider:1)
  3 ice dragons
  9 yaktaur captains
  A catoblepas (D:12)
  A peacekeeper (Desolation)
  An ogre mage (D:15)
  3 ironbound frosthearts
  8 centaur warriors
  2 spriggan air magi
  13 dancing weapons
  5 two-headed ogres
  2 boulder beetles
  An alligator snapping turtle (Shoals:4)
  2 orc high priests (Orc:2)
  12 hell hogs
  4 tengu warriors
  8 deep troll earth magi
  2 vampire magi (Depths:1)
  A deep troll shaman (Depths:2)
  Urug (D:13)
  2 demonic crawlers (Spider:4)
  6 hell knights
  2 spriggan berserkers (Depths:1)
  2 skysharks
  A sixfirhy (D:8)
  5 iron trolls
  2 pharaoh ants (Spider:2)
  4 sea snakes
  3 skeletal warriors (WizLab)
  An orb spider (Spider:2)
  42 deep trolls
  6 wizards
  3 glowing orange brains
  2 lindwurms
  9 ironbound convokers
  An obsidian statue (Zot:2)
  2 phantasmal warriors (Vaults:5)
  2 deep elf archers
  A steelbarb worm (Spider:4)
  3 harpies
  7 orc knights
  3 necromancers (Depths:3)
  A manticore (D:12)
  29 ugly things
  3 deep elf zephyrmancers (Elf:3)
  2 fauns (Shoals:4)
  3 cyclopes
  3 deep elf pyromancers
  3 wolf spiders (Spider:4)
  5 moths of wrath
  A water nymph (Shoals:4)
  11 vault sentinels
  2 torpor snails
  An unseen horror (D:13)
  2 freezing wraiths
  2 tengu conjurers (Depths:1)
  20 yaktaurs
  3 trolls
  A polar bear (D:14)
  7 merfolk
  6 saltlings (Desolation)
  3 hornets (Depths:1)
  5 tarantellas
  4 dream sheep
  A wind drake (Shoals:4)
  3 snapping turtles
  A wolf spider simulacrum (D:15)
  3 jumping spiders
  29 slime creatures
  An air elemental (Elf:2)
  3 wraiths (D:13)
  6 culicivoras
  4 spriggans
  10 water elementals
  6 yaks
  2 fire elementals (Orc:2)
  6 humans (D:13)
  12 redbacks
  2 wargs
  2 acid dragons (Spider:1)
  A two-headed ogre zombie (WizLab)
  A water moccasin (D:7)
  A hell hound (Orc:2)
  A black bear (D:7)
  16 orc warriors
  An ogre (Orc:2)
  4 two-headed ogre simulacra (IceCv)
  A cane toad simulacrum (IceCv)
  2 earth elementals
  2 wights (D:7)
  An elephant simulacrum (IceCv)
  2 troll zombies (WizLab)
  A killer bee (D:9)
  A jelly (D:7)
  5 orc priests
  An iguana (D:7)
  A wolf simulacrum (IceCv)
  An ogre zombie (WizLab)
  A mummy (D:5)
  A howler monkey zombie (D:5)
  5 gnolls
  A naga simulacrum (IceCv)
  An ufetubus (IceCv)
  29 orcs
  A kobold (D:8)
  4 tentacles (Shoals:2)
786 creatures vanquished.

Vanquished Creatures (others)
  A tentacled monstrosity (Vaults:5)
  An Orb Guardian (Zot:5)
  A death cob (Zot:1)
  2 tengu reavers (Vaults:5)
  2 narguns (Zot:2)
  2 draconian monks
  A fire giant (Depths:1)
  A draconian knight (Zot:4)
  2 vault wardens (Vaults:5)
  A draconian scorcher (Zot:4)
  A draconian shifter (Zot:1)
  2 draconian stormcallers (Zot:4)
  A draconian annihilator (Zot:1)
  5 very ugly things
  2 stone giants
  2 green draconians
  A red draconian (Zot:4)
  A white draconian (Zot:1)
  2 black draconians
  2 yellow draconians
  A great orb of eyes (shapeshifter) (Depths:3)
  A deep elf high priest (Vaults:5)
  A yaktaur captain (Vaults:3)
  An ice dragon (Depths:1)
  9 vault guards
  An ironbound frostheart (Vaults:3)
  2 centaur warriors
  A deep troll earth mage (Vaults:5)
  2 deep troll shamans (Depths:2)
  4 hell knights
  A skeletal warrior (WizLab)
  5 deep trolls
  An ironbound convoker (Vaults:3)
  2 deep elf zephyrmancers (Elf:2)
  3 deep elf pyromancers (Elf:3)
  2 wizards
  3 ugly things
  A moth of wrath (Zot:5)
  5 yaktaurs
  4 slime creatures (Vaults:4)
  An ice beast (shapeshifter) (Depths:3)
  A centaur (D:15)
  2 orcs (Elf:1)
87 creatures vanquished.

Grand Total: 2452 creatures vanquished

Notes
Turn   | Place    | Note
-------+----------+-------------------------------------------
     0 | D:1      | PaperRat the Djinni Air Elementalist began the quest for
                  | the Orb.
     0 | D:1      | PaperRat set off with the following spells memorised:
                  | Shock, Static Discharge, Swiftness, Airstrike.
     0 | D:1      | Reached XP level 1. HP: 15/15 MP: 0/0
   168 | D:1      | Reached XP level 2. HP: 19/22 MP: 0/0
   289 | D:1      | Reached skill level 1 in Fighting
   427 | D:1      | Found a faded altar of an unknown god.
   524 | D:1      | Reached XP level 3. HP: 25/27 MP: 0/0
   524 | D:1      | Learned a level 1 spell: Summon Small Mammal
   737 | D:1      | Found Reyceune's Book Shoppe.
  1112 | D:2      | Noticed Terence
  1229 | D:2      | Noticed a scorpion
  1238 | D:2      | Killed a scorpion
  1239 | D:2      | Reached XP level 4. HP: 9/33 MP: 0/0
  1369 | D:2      | Reached XP level 5. HP: 34/38 MP: 0/0
  1369 | D:2      | Learned a level 2 spell: Lesser Beckoning
  1611 | D:2      | Killed Terence
  2483 | D:3      | Reached XP level 6. HP: 34/46 MP: 0/0
  2619 | D:3      | Found a burning altar of Makhleb.
  2757 | D:3      | Became a worshipper of Makhleb the Destroyer
  2864 | D:3      | Reached skill level 1 in Evocations
  3083 | D:3      | Found an ornate altar of the Wu Jian Council.
  3216 | D:3      | Found an opulent altar of Gozag.
  3704 | D:4      | Noticed Grinder
  3729 | D:4      | Paralysed by Grinder for 2 turns
  3852 | D:4      | Noticed an ice beast
  3904 | D:4      | Noticed an ogre
  3909 | D:4      | Killed an ogre
  3910 | D:4      | Reached skill level 5 in Spellcasting
  3910 | D:4      | Reached skill level 5 in Conjurations
  3910 | D:4      | Reached skill level 5 in Hexes
  3910 | D:4      | Reached skill level 5 in Summonings
  3910 | D:4      | Reached skill level 5 in Necromancy
  3910 | D:4      | Reached skill level 5 in Translocations
  3910 | D:4      | Reached skill level 5 in Transmutations
  3910 | D:4      | Reached skill level 5 in Fire Magic
  3910 | D:4      | Reached skill level 5 in Ice Magic
  3910 | D:4      | Reached skill level 5 in Air Magic
  3910 | D:4      | Reached skill level 5 in Earth Magic
  3910 | D:4      | Reached skill level 5 in Poison Magic
  3910 | D:4      | Reached XP level 7. HP: 31/50 MP: 0/0
  3910 | D:4      | Learned a level 2 spell: Wereblood
  4124 | D:4      | Noticed Dowan
  4161 | D:4      | Noticed Duvessa
  4188 | D:4      | Killed Duvessa
  4191 | D:4      | Killed Dowan
  4338 | D:4      | Found a staircase to the Ecumenical Temple.
  4638 | D:4      | Noticed Blork the orc
  4648 | D:4      | Killed Blork the orc
  4702 | D:4      | Reached XP level 8. HP: 48/56 MP: 0/0
  4854 | D:4      | Reached * piety under Makhleb
  5356 | D:4      | Killed Grinder
  5996 | D:4      | Found a staircase to the Ecumenical Temple.
  6219 | D:4      | Reached skill level 5 in Fighting
  6226 | Temple   | Entered the Ecumenical Temple
  6289 | D:5      | Entered Level 5 of the Dungeon
  6291 | D:5      | Noticed Eustachio
  6298 | D:5      | Killed Eustachio
  6314 | D:5      | Found a runed translucent door.
  6315 | D:5      | Noticed Crazy Yiuf
  6338 | D:5      | Killed Crazy Yiuf
  6449 | D:5      | Reached XP level 9. HP: 39/65 MP: 0/0
  6449 | D:5      | Learned a level 3 spell: Call Canine Familiar
  6584 | D:5      | Found a glowing drain.
  6593 | Sewer    | Entered a sewer
  6727 | Sewer    | Noticed Pargi
  6738 | Sewer    | Killed Pargi
  6813 | D:5      | Found a shadowy altar of Dithmenos.
  6852 | D:5      | Found a runed translucent gate.
  6853 | D:5      | Found a runed translucent gate.
  6926 | D:5      | Identified the +6 whip "Sainn" {freeze, Dex+3 Stlth+}
  6930 | D:5      | Noticed Ijyb
  6953 | D:5      | Killed Ijyb
  7064 | D:5      | Found a runed translucent gate.
  7064 | D:5      | Identified the +11 spear of Nioj {heavy, rCorr}
  7064 | D:5      | Noticed Chingon's ghost (amateur DsMo)
  7276 | D:5      | Killed Chingon's ghost
  7626 | D:5      | Found a basalt altar of Yredelemnul.
  7829 | D:6      | Reached ** piety under Makhleb
  8164 | D:6      | Reached XP level 10. HP: 74/76 MP: 0/0
  8540 | D:6      | Found a white marble altar of Elyvilon.
  8864 | D:7      | Reached skill level 5 in Dodging
  9249 | D:7      | Reached *** piety under Makhleb
  9378 | D:7      | Reached skill level 1 in Staves
  9474 | D:7      | Noticed Joseph
  9491 | D:7      | Killed Joseph
  9492 | D:7      | Reached skill level 5 in Evocations
  9632 | D:7      | Reached XP level 11. HP: 70/84 MP: 0/0
  9632 | D:7      | Learned a level 5 spell: Blade Hands
  9803 | D:7      | Identified the +2 pair of gloves "Fias" {*Slow rPois Int+3}
  9915 | D:8      | Noticed a +0 dagger
  9915 | D:8      | Noticed a +0 hand axe
  9919 | D:8      | Found a hide-covered altar of Uskayaw.
 10091 | D:8      | Found a glowing golden altar of the Shining One.
 10222 | D:8      | Found a staircase to the Lair.
 10236 | D:8      | Noticed Maurice
 10282 | D:8      | Killed Maurice
 10828 | D:9      | Noticed a two-headed ogre
 10833 | D:9      | Killed a two-headed ogre
 11066 | D:9      | Reached **** piety under Makhleb
 11123 | D:9      | Found a staircase to the Orcish Mines.
 11312 | D:9      | Found Utiaschu's Antique Weapon Emporium.
 11336 | D:9      | Found Jasaimm's Weapon Shoppe.
 11458 | D:9      | Found Muyxiej's Jewellery Emporium.
 11665 | D:9      | Found Sibop's Distillery.
 11830 | D:10     | Entered Level 10 of the Dungeon
 12256 | D:10     | Found Naih's Armour Shoppe.
 12281 | D:10     | Found Jolonege's General Store.
 12355 | D:10     | Found Dyhareas's Book Shop.
 12504 | D:9      | Bought the +3 hand axe of the Real Monster {drain, rC+ rN+
                  | Will+ rCorr} for 547 gold pieces
 12715 | D:10     | Found Hieqaed's Distillery.
 12943 | D:10     | Found Fuacreh's Magic Scroll Shoppe.
 13151 | D:10     | Found a blossoming altar of Fedhas.
 13286 | D:8      | Upgraded the game from 0.31-a0-152-g6aa68a64a1 to
                  | 0.31-a0-154-g56bf346678
 13287 | Lair:1   | Entered Level 1 of the Lair of Beasts
 13384 | Lair:1   | Reached XP level 12. HP: 73/90 MP: 0/0
 14118 | Lair:1   | Reached skill level 10 in Fighting
 14274 | Lair:1   | Reached skill level 1 in Invocations
 15093 | Lair:1   | Reached ***** piety under Makhleb
 15377 | Lair:2   | Reached skill level 10 in Spellcasting
 15377 | Lair:2   | Reached skill level 10 in Conjurations
 15377 | Lair:2   | Reached skill level 10 in Hexes
 15377 | Lair:2   | Reached skill level 10 in Summonings
 15377 | Lair:2   | Reached skill level 10 in Necromancy
 15377 | Lair:2   | Reached skill level 10 in Translocations
 15377 | Lair:2   | Reached skill level 10 in Transmutations
 15377 | Lair:2   | Reached skill level 10 in Fire Magic
 15377 | Lair:2   | Reached skill level 10 in Ice Magic
 15377 | Lair:2   | Reached skill level 10 in Air Magic
 15377 | Lair:2   | Reached skill level 10 in Earth Magic
 15377 | Lair:2   | Reached skill level 10 in Poison Magic
 15423 | Lair:2   | Reached XP level 13. HP: 58/97 MP: 0/0
 15423 | Lair:2   | Learned a level 5 spell: Arcjolt
 15586 | Lair:2   | Found a staircase to the Shoals.
 15769 | D:10     | Bought a potion of haste for 100 gold pieces
 16703 | Lair:3   | Reached skill level 5 in Invocations
 16783 | Lair:3   | Reached skill level 1 in Armour
 16959 | D:9      | Bought a potion of enlightenment for 70 gold pieces
 17051 | Lair:3   | Found a hole to the Spider Nest.
 18144 | Lair:4   | Found a transporter.
 18169 | Lair:4   | Reached skill level 10 in Evocations
 18354 | Lair:4   | Noticed a catoblepas
 18365 | Lair:4   | Noticed bmj180's ghost (journeyman TrBe)
 18367 | Lair:4   | Found a transporter.
 18893 | Lair:4   | Killed a catoblepas
 18893 | Lair:4   | Killed bmj180's ghost
 18948 | Lair:5   | Entered Level 5 of the Lair of Beasts
 18963 | Lair:5   | Reached XP level 14. HP: 73/107 MP: 0/0
 19348 | Lair:5   | Found a staircase to the Slime Pits.
 20008 | Lair:5   | Identified the staff of poison "Huidgh" {*Corrode rPois
                  | Str+3 Int+3 Dex+3}
 20695 | Lair:5   | Reached ****** piety under Makhleb
 21504 | Lair:5   | Reached XP level 15. HP: 113/113 MP: 0/0
 21504 | Lair:5   | Learned a level 6 spell: Summon Cactus Giant
 22185 | Orc:1    | Entered Level 1 of the Orcish Mines
 22341 | Orc:1    | Found a frozen archway.
 22439 | IceCv    | Entered an ice cave
 23245 | IceCv    | Noticed a reaper
 23253 | IceCv    | Killed a reaper
 23827 | Orc:2    | Entered Level 2 of the Orcish Mines
 23905 | Orc:2    | Found a staircase to the Elven Halls.
 23915 | Orc:2    | Noticed an orc warlord
 23928 | Orc:2    | Reached skill level 1 in Shields
 23930 | Orc:2    | Killed an orc warlord
 24181 | Orc:1    | Found Buysk's Bounteous Boutique.
 24423 | D:10     | Bought a lightning rod (4/4) for 420 gold pieces
 24491 | Orc:2    | Noticed Erolcha
 24493 | Orc:2    | Noticed Azrael
 24503 | Orc:2    | Killed Erolcha
 24519 | Orc:2    | Killed Azrael
 25914 | Orc:2    | Found Nimef Uli's Magic Scroll Shoppe.
 25914 | Orc:2    | Found Quomil's Jewellery Shoppe.
 25915 | Orc:2    | Found Kyurhurph's Armour Shoppe.
 25915 | Orc:2    | Found Osefe's Jewellery Emporium.
 25926 | Orc:2    | Bought an amulet of regeneration for 300 gold pieces
 25934 | Orc:2    | Bought a ring of see invisible for 165 gold pieces
 26582 | D:11     | Identified a scroll of acquirement
 26582 | D:11     | Acquired 996 gold pieces
 26707 | D:10     | Bought a scroll of immolation for 56 gold pieces
 26751 | D:10     | Bought a potion of heal wounds for 50 gold pieces
 26751 | D:10     | Bought a potion of heal wounds for 50 gold pieces
 26781 | D:9      | Bought 2 potions of enlightenment for 140 gold pieces
 26781 | D:9      | Bought a potion of berserk rage for 70 gold pieces
 26781 | D:9      | Bought a potion of resistance for 140 gold pieces
 26852 | Orc:1    | Bought a potion of brilliance for 68 gold pieces
 26852 | Orc:1    | Bought a scroll of blinking for 127 gold pieces
 27044 | Orc:2    | Bought a scroll of fear for 40 gold pieces
 27044 | Orc:2    | Bought a scroll of fear for 40 gold pieces
 27044 | Orc:2    | Bought a scroll of fog for 40 gold pieces
 27044 | Orc:2    | Bought a scroll of magic mapping for 75 gold pieces
 27895 | D:12     | Found Itailan's Weapon Boutique.
 28414 | D:12     | Reached XP level 16. HP: 119/121 MP: 0/0
 28547 | D:13     | Reached skill level 5 in Shields
 28937 | D:13     | Found Tuasch's Magic Scroll Boutique.
 29043 | D:13     | Noticed Rupert
 29053 | D:13     | Killed Rupert
 29066 | D:13     | Reached skill level 5 in Armour
 29086 | D:13     | Noticed Josephine
 29086 | D:13     | Noticed Urug
 29090 | D:13     | Killed Josephine
 29092 | D:13     | Killed Urug
 29153 | D:13     | Found a gate to the Vaults.
 30387 | D:15     | Entered Level 15 of the Dungeon
 30576 | D:15     | Noticed Agnes
 30584 | D:15     | Killed Agnes
 30589 | D:15     | Reached XP level 17. HP: 127/129 MP: 0/0
 30589 | D:15     | Learned a level 7 spell: Enfeeble
 31171 | D:15     | Found a staircase to the Depths.
 31309 | D:15     | Found the +18 shield of the Gong {Loud rN+ Will+ rCorr
                  | EV-5}
 31393 | D:13     | Bought a scroll of summoning for 161 gold pieces
 31393 | D:13     | Bought a scroll of fear for 68 gold pieces
 31393 | D:13     | Bought a scroll of magic mapping for 127 gold pieces
 31611 | Spider:1 | Entered Level 1 of the Spider Nest
 31783 | Spider:1 | Noticed an acid blob
 31796 | Spider:1 | Killed an acid blob
 32085 | Spider:1 | Noticed Louise
 32098 | Spider:1 | Killed Louise
 32182 | Spider:1 | Noticed Jorgrun
 32202 | Spider:1 | Killed Jorgrun
 32739 | Spider:2 | Reached skill level 10 in Dodging
 32760 | Spider:2 | Identified Roxanne's Almanac of the Xenolith
 32760 | Spider:2 | Noticed Roxanne
 32782 | Spider:2 | Killed Roxanne
 33835 | Spider:3 | Reached XP level 18. HP: 135/136 MP: 0/0
 33998 | Spider:3 | Acquired 580 gold pieces
 34184 | Spider:4 | Entered Level 4 of the Spider Nest
 34649 | Spider:4 | Reached skill level 15 in Fighting
 34962 | Spider:4 | Got a gossamer rune of Zot
 35199 | Shoals:1 | Entered Level 1 of the Shoals
 35565 | Shoals:1 | Noticed Donald
 35723 | Shoals:1 | Killed Donald
 36302 | Shoals:2 | Identified the +7 rapier of Exquisite Torment {heavy, Will+
                  | Str+2}
 36397 | Shoals:2 | Reached XP level 19. HP: 145/145 MP: 0/0
 36397 | Shoals:2 | Learned a level 6 spell: Dispersal
 36766 | Shoals:2 | Found a one-way gate to the infinite horrors of the Abyss.
 36803 | Shoals:2 | Found a corrupted altar of Lugonu.
 37194 | Shoals:3 | Reached skill level 10 in Invocations
 37698 | Shoals:3 | Reached skill level 15 in Spellcasting
 37698 | Shoals:3 | Reached skill level 15 in Conjurations
 37698 | Shoals:3 | Reached skill level 15 in Hexes
 37698 | Shoals:3 | Reached skill level 15 in Summonings
 37698 | Shoals:3 | Reached skill level 15 in Necromancy
 37698 | Shoals:3 | Reached skill level 15 in Translocations
 37698 | Shoals:3 | Reached skill level 15 in Transmutations
 37698 | Shoals:3 | Reached skill level 15 in Fire Magic
 37698 | Shoals:3 | Reached skill level 15 in Ice Magic
 37698 | Shoals:3 | Reached skill level 15 in Air Magic
 37698 | Shoals:3 | Reached skill level 15 in Earth Magic
 37698 | Shoals:3 | Reached skill level 15 in Poison Magic
 38251 | Shoals:4 | Entered Level 4 of the Shoals
 38560 | Shoals:4 | Got a barnacled rune of Zot
 39140 | Shoals:4 | Identified the +8 dagger of Kufaamieruo {flame, Dex+3}
 39468 | Elf:1    | Entered Level 1 of the Elven Halls
 39563 | Elf:1    | Found a crumbling gateway.
 39571 | Elf:1    | Found Qolayh's Distillery.
 39587 | Elf:1    | Bought a potion of ambrosia for 104 gold pieces
 39587 | Elf:1    | Bought a potion of mutation for 104 gold pieces
 39587 | Elf:1    | Bought a potion of heal wounds for 65 gold pieces
 39587 | Elf:1    | Bought 2 potions of enlightenment for 130 gold pieces
 39587 | Elf:1    | Bought a potion of heal wounds for 65 gold pieces
 39587 | Elf:1    | Bought a potion of brilliance for 52 gold pieces
 39599 | Desolati | Entered the Desolation of Salt
 39657 | Desolati | Reached XP level 20. HP: 151/151 MP: 0/0
 40057 | Desolati | Identified the +1 spear "Ywniut" {heavy, Int+3}
 40097 | Desolati | Identified the +1 pair of boots "Digi Isowo" {Contam Str+6
                  | Int+2 Dex-5}
 40108 | Desolati | Identified the +0 scale mail "Imegom" {Will+ Str+4 Int+5}
 40175 | Desolati | Identified the +10 great sword of Hyrer {spect, Stlth+}
 40210 | Desolati | Identified the +1 cloak of the Playwright {Slay+2}
 40222 | Desolati | Identified the +5 scale mail of Mumblety Peg {Dex+8}
 40245 | Desolati | Identified the +6 hand axe of Popular Demand {heavy, rF++}
 40249 | Desolati | Identified the +7 mace "Globulus" {heavy, rN+ Will++ Str-3
                  | SInv}
 40370 | Desolati | Reached skill level 5 in Stealth
 40412 | Desolati | Identified the amulet "Myoji" {Will+ Regen+ Str+4 Dex+2}
 40419 | Desolati | Identified the +5 spear of Finisob {heavy, rPois Int+3}
 40482 | Desolati | Identified the +2 cloak "Omur" {rF++ Int+3 Stlth-}
 40524 | Desolati | Identified the +0 robe of the Villain {rElec}
 41753 | Elf:1    | Reached skill level 15 in Evocations
 41777 | Elf:1    | Found a runed translucent gate.
 41777 | Elf:1    | Found a runed translucent gate.
 41777 | Elf:1    | Found a runed translucent gate.
 41777 | Elf:1    | Found a runed translucent gate.
 41777 | Elf:1    | Found a runed translucent gate.
 41778 | Elf:1    | Found a runed translucent gate.
 41824 | Elf:1    | Reached XP level 21. HP: 122/159 MP: 0/0
 41824 | Elf:1    | Learned a level 8 spell: Discord
 41960 | Elf:2    | Noticed a Tzitzimitl
 42038 | Elf:2    | Found a runed translucent gate.
 42039 | Elf:2    | Found a runed translucent gate.
 42043 | Elf:2    | Found a runed translucent gate.
 42290 | Elf:2    | Found Talaam's Jewellery Boutique.
 42293 | Elf:2    | Bought the ring "Hyqa" {+Blink rElec rF+ Will+ Str+3} for
                  | 1008 gold pieces
 42436 | Elf:2    | Found a runed translucent gate.
 42437 | Elf:2    | Found a runed translucent gate.
 42438 | Elf:2    | Found a runed translucent gate.
 42439 | Elf:2    | Noticed Chingon's ghost (adept HOFi)
 42580 | Elf:2    | Killed Chingon's ghost
 42685 | Elf:2    | Identified the +5 pair of boots of Elyvilon's Indignation
                  | {+Inv Str+5}
 42855 | Elf:2    | Noticed Zenata
 42866 | Elf:2    | Killed Zenata
 43165 | Elf:3    | Entered Level 3 of the Elven Halls
 43225 | Elf:3    | Identified the +4 dagger of Nahem {heavy, rElec rN+ Str-2
                  | Dex+3}
 43852 | Elf:3    | Identified the +1 ring mail of Entitlement {Will+ MP+9
                  | Int-2}
 43852 | Elf:3    | Identified the ring of the Sky {Will++ rCorr Str-5 Int+6}
 43969 | Elf:3    | Identified the +5 hand axe "Xoele" {heavy, rElec rPois
                  | Str+7 Dex-5}
 43984 | Elf:3    | Reached XP level 22. HP: 168/168 MP: 0/0
 43986 | Elf:3    | Identified the ring of Mistrust {Fly rC+ rN+ Str+4}
 44112 | Elf:3    | Identified the staff of fire "Zaateimi" {rF+ Will+}
 44118 | Elf:3    | Identified the +2 sling of Dust {freeze, Dex+2}
 44119 | Elf:3    | Identified the staff of poison "Osutz" {rElec rPois}
 44120 | Elf:3    | Identified the staff of conjuration "Kidooxt" {rC+}
 44122 | Elf:3    | Identified the +7 shortbow "Kequnuc" {flame, Drain rPois
                  | rF+ Str+5}
 44727 | Orc:2    | Bought a scroll of brand weapon for 95 gold pieces
 44901 | Vaults:1 | Entered Level 1 of the Vaults
 44963 | Vaults:1 | Reached skill level 1 in Long Blades
 45498 | Vaults:1 | Identified the +4 arbalest of the Enemy {antimagic, SInv}
 46055 | Vaults:2 | Reached skill level 5 in Long Blades
 46672 | Vaults:2 | Noticed Asterion
 46683 | Vaults:2 | Killed Asterion
 46715 | Vaults:2 | Found a staircase to the Crypt.
 46717 | Vaults:2 | Noticed Bai Suzhen
 46733 | Vaults:2 | Killed Bai Suzhen
 47039 | Vaults:2 | Noticed Frederick
 47047 | Vaults:2 | Killed Frederick
 47596 | Vaults:3 | Identified the +9 whip "Djinni's Death" {pain, rElec Str-4
                  | Int+7}
 47597 | Vaults:3 | Identified the +2 mace of the Common Good {freeze, rN+}
 47602 | Vaults:3 | Identified the ring of Ydosty {rC+ EV+5 Slay+2}
 47613 | Vaults:3 | Reached XP level 23. HP: 169/175 MP: 0/0
 47613 | Vaults:3 | Learned a level 7 spell: Summon Hydra
 47952 | Vaults:3 | Reached skill level 10 in Long Blades
 49130 | Vaults:4 | Found a magical portal.
 49138 | WizLab   | Entered Zonguldrok's Shrine
 49436 | WizLab   | Noticed an antique lich
 49440 | WizLab   | Killed an antique lich
 49468 | WizLab   | Found the +9 sword of Zonguldrok {reap}
 49765 | Vaults:4 | Found Lups's Armour Boutique.
 50138 | Vaults:4 | Identified the +0 robe "Hero's Friend" {Harm rF+++ Str-4
                  | Dex-2} (You took it off an ironbound preserver on level 4
                  | of the Vaults)
 50185 | Vaults:4 | Identified the +1 robe "Sobbamah" {Str-4 Int+8 Stlth-}
 50481 | Vaults:5 | Entered Level 5 of the Vaults
 50486 | Vaults:5 | Reached skill level 15 in Dodging
 50487 | Vaults:5 | Reached XP level 24. HP: 95/183 MP: 0/0
 50507 | Vaults:5 | Noticed an ancient lich
 50525 | Vaults:5 | Killed an ancient lich
 50916 | Vaults:5 | Noticed a golden dragon
 50927 | Vaults:5 | Killed a golden dragon
 51024 | Vaults:5 | Reached XP level 25. HP: 191/191 MP: 0/0
 51024 | Vaults:5 | Learned a level 8 spell: Borgnjor's Revivification
 51030 | Vaults:5 | Identified the staff of conjuration "Sint" {Dex+2 SInv}
 51053 | Vaults:5 | Got a silver rune of Zot
 51226 | Vaults:5 | Identified the +1 flail of Xerour {pain, rC- Str+3 Dex+4
                  | SInv}
 51408 | Vaults:5 | Identified the +0 plate armour "Pan Vics" {rF+}
 51594 | Vaults:5 | Identified the +1 orcbow of Redobleq {freeze, Int+4} (You
                  | took it off an ironbound preserver on level 5 of the
                  | Vaults)
 52307 | Vaults:5 | Reached skill level 15 in Long Blades
 52574 | Depths:1 | Entered Level 1 of the Depths
 52586 | Depths:1 | Reached XP level 26. HP: 187/200 MP: 0/0
 52871 | D:10     | Bought a potion of curing for 30 gold pieces
 52871 | D:10     | Bought a potion of curing for 30 gold pieces
 52871 | D:10     | Bought a potion of curing for 30 gold pieces
 52871 | D:10     | Bought a potion of curing for 30 gold pieces
 52871 | D:10     | Bought a potion of curing for 30 gold pieces
 52901 | D:9      | Bought a potion of curing for 42 gold pieces
 52901 | D:9      | Bought a potion of curing for 42 gold pieces
 52901 | D:9      | Bought a potion of curing for 42 gold pieces
 52901 | D:9      | Bought a potion of curing for 42 gold pieces
 53075 | Depths:1 | Found a one-way gate leading to the halls of Pandemonium.
 53151 | Depths:1 | Found Ippalin's Distillery.
 53186 | Depths:1 | Bought 2 potions of curing for 126 gold pieces
 53186 | Depths:1 | Bought a potion of brilliance for 84 gold pieces
 53186 | Depths:1 | Bought a potion of heal wounds for 105 gold pieces
 53186 | Depths:1 | Bought a potion of might for 84 gold pieces
 53340 | Depths:1 | Identified the +2 plate armour "Wysabir" {Fly rN++}
 53424 | Depths:1 | Found a gateway to Hell.
 53612 | Depths:1 | Noticed Aizul
 53618 | Depths:1 | Killed Aizul
 53730 | Depths:1 | Found the +1 cloak of Starlight {*Dazzle EV+4 Stlth--}
 54077 | Depths:2 | Found a transporter.
 54662 | Depths:2 | Gained mutation: You are frail. (-10% HP) [mutagenic glow]
 54756 | Depths:2 | Found Dill's Book Boutique.
 54759 | Depths:2 | Found a bloodstained altar of Trog.
 54791 | Depths:2 | Identified the +6 great mace "Djinni's Curse" {drain, rN+}
 54856 | Depths:2 | Found Urang's Magic Scroll Shoppe.
 54861 | Depths:2 | Bought a scroll of fear for 68 gold pieces
 54901 | Depths:2 | Found Yduvang's Armour Shoppe.
 54935 | Depths:2 | Found Acelam's Magic Scroll Boutique.
 54938 | Depths:2 | Found a faded altar of an unknown god.
 54939 | Depths:2 | Bought a scroll of acquirement for 832 gold pieces
 54939 | Depths:2 | Bought a scroll of poison for 64 gold pieces
 54939 | Depths:2 | Bought a scroll of immolation for 64 gold pieces
 54939 | Depths:2 | Bought a scroll of vulnerability for 64 gold pieces
 54939 | Depths:2 | Acquired 752 gold pieces
 54950 | Depths:2 | Found a transporter.
 55014 | Depths:2 | Found a one-way gateway to a ziggurat.
 55015 | Depths:2 | Found Wojoer's Jewellery Boutique.
 55489 | Depths:2 | Identified the ring "Rugh" {*Slow +Blink rPois Will+
                  | Slay+2}
 55503 | Depths:2 | Identified the staff of cold "Befaecu" {rElec rC+ rN+
                  | Int+4}
 55508 | Depths:2 | Identified the ring of Qawka {rC+ Stlth+}
 55520 | Depths:2 | Identified the +2 ring mail of the Fabulous God {rElec
                  | Dex+2}
 55586 | Depths:3 | Noticed Margery
 55603 | Depths:3 | Killed Margery
 55836 | Depths:3 | Noticed the Enchantress
 55849 | Depths:3 | Reached XP level 27. HP: 107/184 MP: 0/0
 55849 | Depths:3 | Learned a level 9 spell: Shatter
 55953 | Depths:3 | Killed the Enchantress
 57278 | Depths:4 | Entered Level 4 of the Depths
 57295 | Depths:4 | Found Zaxa Bugh's Antique Weapon Boutique.
 57313 | Depths:4 | Found Deanwumo's Jewellery Shop.
 57313 | Depths:4 | Found Nerreum's Antique Armour Boutique.
 57318 | Depths:4 | Bought a transparent long sword for 263 gold pieces
 57318 | Depths:4 | Identified the +4 long sword of Yredelemnul's Approval
                  | {elec, Fragile rN+ Int+7 Dex+2} (You bought it in a shop on
                  | level 4 of the Depths)
 57319 | Depths:4 | Found Helog's General Store.
 57325 | Depths:4 | Bought a scroll of fog for 84 gold pieces
 57708 | Depths:4 | Found a sparkling altar of Nemelex Xobeh.
 57894 | Depths:4 | Found a gate to the Realm of Zot.
 58516 | Zot:1    | Entered Level 1 of the Realm of Zot
 59026 | Zot:1    | Noticed Vv
 59053 | Zot:1    | Killed Vv
 59215 | Zot:1    | Found the +4 dragonskin cloak
 59215 | Zot:1    | Noticed Tiamat
 59321 | Zot:1    | Killed Tiamat
 59639 | Zot:1    | Noticed a dread lich
 59645 | Zot:1    | Noticed a dread lich
 59651 | Zot:1    | Killed a dread lich
 59657 | Zot:1    | Noticed a dread lich
 59657 | Zot:1    | Noticed a dread lich
 59684 | Zot:1    | Noticed a dread lich
 59688 | Zot:1    | Killed a dread lich
 59689 | Zot:1    | Killed a dread lich
 59703 | Zot:1    | Killed a dread lich
 59845 | Zot:1    | Noticed a dread lich
 59865 | Zot:1    | Killed a dread lich
 59871 | Zot:1    | Reached skill level 15 in Invocations
 60079 | Zot:1    | Killed a dread lich
 60857 | Zot:2    | Found a runed translucent gate.
 60857 | Zot:2    | Found a runed translucent gate.
 60857 | Zot:2    | Found a runed translucent gate.
 60858 | Zot:2    | Found an opulent altar of Gozag.
 60859 | Zot:2    | Noticed Sojiosifa's ghost (veteran TrSu)
 62126 | Zot:2    | Found a runed translucent gate.
 62126 | Zot:2    | Found a runed translucent gate.
 62126 | Zot:2    | Found a runed translucent gate.
 62126 | Zot:2    | Found an opulent altar of Gozag.
 62870 | Zot:2    | Killed Sojiosifa's ghost
 63064 | Zot:3    | You are sucked into a shaft and drop 1 floor!
 63266 | Zot:4    | Identified the +0 cloak of the Worm {Contam rC+ SInv} (You
                  | took it off a white draconian on level 4 of the Realm of
                  | Zot)
 63827 | Zot:4    | Identified the +2 flail of the Empty Page {protect, Contam
                  | rElec rC+++ Dex+3}
 65556 | Zot:5    | Entered Level 5 of the Realm of Zot
 65670 | Zot:5    | Noticed an orb of fire
 65670 | Zot:5    | Noticed an orb of fire
 65670 | Zot:5    | Noticed a Killer Klown
 65670 | Zot:5    | Noticed an ancient lich
 65670 | Zot:5    | Noticed an orb of fire
 66340 | Zot:5    | Reached skill level 10 in Armour
 66395 | Zot:5    | Noticed an ancient lich
 66406 | Zot:5    | Killed an ancient lich
 66420 | Zot:5    | Gained mutation: You sometimes lose your temper in combat.
                  | [an orb of fire]
 66421 | Zot:5    | Killed an orb of fire
 66424 | Zot:5    | Noticed a Killer Klown
 66433 | Zot:5    | Killed a Killer Klown
 66442 | Zot:5    | Lost mutation: You sometimes lose your temper in combat.
                  | [potion of mutation]
 66442 | Zot:5    | Lost mutation: You are frail. (-10% HP) [potion of
                  | mutation]
 66442 | Zot:5    | Gained mutation: You have hidden genetic potential. [potion
                  | of mutation]
 66442 | Zot:5    | Gained mutation: You have a beak for a mouth. [potion of
                  | mutation]
 66442 | Zot:5    | Gained mutation: You possess an exceptional clarity of
                  | mind. [potion of mutation]
 66442 | Zot:5    | Gained mutation: You expend health (3 HP) to strengthen
                  | your wands. [potion of mutation]
 66721 | Zot:5    | Noticed an orb of fire
 66724 | Zot:5    | Gained mutation: You are dopey. (Int -2) [an orb of fire]
 66741 | Zot:5    | Killed an orb of fire
 67108 | Zot:5    | Noticed an orb of fire
 67814 | Zot:5    | Killed an orb of fire
 67864 | Zot:5    | Gained mutation: Your spells are a little easier to cast,
                  | but a little less powerful. [an orb of fire]
 67874 | Zot:5    | Killed an orb of fire
 67992 | Zot:5    | Killed a Killer Klown
 68344 | Zot:5    | Killed an ancient lich
 68741 | Zot:5    | Noticed a Killer Klown
 68748 | Zot:5    | Killed a Killer Klown
 68783 | Zot:5    | Noticed an orb of fire
 68790 | Zot:5    | Killed an orb of fire
 68989 | Zot:5    | Identified the +4 halberd of Inconvenience {heavy, Drain
                  | Str+6 Int+5}
 69006 | Zot:5    | Gained mutation: You occasionally lose the ability to read
                  | scrolls when taking damage. [an orb of fire]
 69016 | Zot:5    | Killed an orb of fire
 69022 | Zot:5    | Lost mutation: You expend health (3 HP) to strengthen your
                  | wands. [potion of mutation]
 69022 | Zot:5    | Lost mutation: You are dopey. (Int -2) [potion of mutation]
 69022 | Zot:5    | Gained mutation: You are frail. (-10% HP) [potion of
                  | mutation]
 69022 | Zot:5    | Gained mutation: You are agile. (Dex +4, Str/Int -1)
                  | [potion of mutation]
 69022 | Zot:5    | Gained mutation: You are very agile. (Dex +8, Str/Int -2)
                  | [potion of mutation]
 69023 | Zot:5    | Lost mutation: You possess an exceptional clarity of mind.
                  | [potion of mutation]
 69023 | Zot:5    | Lost mutation: Your spells are a little easier to cast, but
                  | a little less powerful. [potion of mutation]
 69024 | Zot:5    | Lost mutation: You have a beak for a mouth. [potion of
                  | mutation]
 69024 | Zot:5    | Lost mutation: You are very agile. (Dex +8, Str/Int -2)
                  | [potion of mutation]
 69024 | Zot:5    | Gained mutation: You occasionally lose the ability to drink
                  | potions when taking damage. [potion of mutation]
 69025 | Zot:5    | Lost mutation: You occasionally lose the ability to read
                  | scrolls when taking damage. [potion of mutation]
 69025 | Zot:5    | Lost mutation: You are agile. (Dex +4, Str/Int -1) [potion
                  | of mutation]
 69025 | Zot:5    | Gained mutation: You expend health (3 HP) to strengthen
                  | your wands. [potion of mutation]
 69025 | Zot:5    | Gained mutation: You are strong-willed. (Will+) [potion of
                  | mutation]
 69079 | Zot:5    | Noticed an orb of fire
 69079 | Zot:5    | Gained mutation: You are agile. (Dex +4, Str/Int -1) [an
                  | orb of fire]
 69092 | Zot:5    | Gained mutation: You are weak. (Str -2) [an orb of fire]
 69095 | Zot:5    | Killed an orb of fire
 69266 | Zot:5    | Noticed a dread lich
 69274 | Zot:5    | Killed a dread lich
 69416 | Zot:5    | Lost mutation: You expend health (3 HP) to strengthen your
                  | wands. [potion of mutation]
 69416 | Zot:5    | Lost mutation: You are strong-willed. (Will+) [potion of
                  | mutation]
 69416 | Zot:5    | Lost mutation: You occasionally lose the ability to drink
                  | potions when taking damage. [potion of mutation]
 69416 | Zot:5    | Lost mutation: You are weak. (Str -2) [potion of mutation]
 69416 | Zot:5    | Lost mutation: You have hidden genetic potential. [potion
                  | of mutation]
 69440 | Zot:5    | Got the Orb of Zot
 69978 | D:2      | Noticed Houm the pandemonium lord
 70000 | D:$      | Escaped with the Orb!

Illustrated notes

Levels and vault maps discovered:
D:1:      dpeg_arrival_leaves_temple_mockup, layout_basic,
          shapermc_ecumenical_altar_notcrosses, serial_shops,
          nicolae_shop_waterfront, minmay_indecisive_spiral
D:2:      layout_basic, uniq_terence
D:3:      layout_basic, mainiacjoe_overflow_alcove_1,
          nicolae_overflow_crystal_walls, old_standard_altar,
          serial_corexii_hall, corexii_hall_statues_i,
          chequers_hall_statues_corner_a
D:4:      layout_loops_corners, minmay_temple_entry_oklob, uniq_grinder,
          uniq_duvessa, uniq_blork_the_orc
D:5:      cheibrodos_quashed, layout_cave_pools, lemuel_crystal_altar,
          lemuel_mausoleum_altar_yredelemnul, biasface_ghost_orc_armoury,
          portal_sewer_entry_d, palyth_stone_intersect, uniq_crazy_yiuf_cottage,
          uniq_eustachio, uniq_ijyb
D:6:      layout_loops_ring, vehumet_statue, elyvilon_altar_5
D:7:      layout_basic, uniq_joseph
D:8:      layout_cave_pools, nicolae_tso_carved_into_rock,
          dancing_weapons_uskayaw, lair_entry_dummy, uniq_maurice
D:9:      layout_roguey, erik_orc_4, serial_shops, shop,
          nicolae_shop_tiny_statue_garden, nicolae_shop_tiny_statue_garden, shop
D:10:     layout_grid_maze, fedhas_altar_4, serial_shops,
          nicolae_shop_just_a_little_nook, nicolae_inconvenience_store,
          nicolae_shop_rolling_square, shop, shop, minmay_misc_feat_five
D:11:     layout_loops_ring
D:12:     layout_stronghold, serial_shops, shop
D:13:     layout_irregular_city, david_vaults_3, serial_shops, shop_fountains,
          hangedman_weighted_door, hangedman_decor_riveting, nicolae_titane,
          uniq_rupert, uniq_josephine, uniq_urug
D:14:     layout_gridville, nicolae_twisting_strands, serial_ice, serial_ice_b,
          serial_ice_o, serial_ice_i, serial_ice_n
D:15:     hangedman_depths_entry_try_elsewhere_first, layout_rooms,
          hellmonk_guarded_unrand_gong, uniq_agnes
Temple:   nicolae_temple_hex_pool
Lair:1:   layout_roguey, grunt_megastairs_2
Lair:2:   layout_chaotic_city, minmay_shoals_entry_centaurs
Lair:3:   layout_chaotic_city, nicolae_spider_entry_lesser_pyramids
Lair:4:   layout_gridlike, gammafunk_ghost_arena, minivault_27
Lair:5:   minmay_lair_end_enchanted_forest, layout_small_grid,
          minmay_slime_entry_pillars, special_room [special_room_bee],
          minmay_lindwurm_lava, serial_bayou_shore_b, lemuel_fruit_fields
Shoals:1: layout_shoals, uniq_donald
Shoals:2: layout_shoals, amcnicky_altar_lugonu_corruption
Shoals:3: cheibrodos_shoals_satyrical_garden, layout_shoals
Shoals:4: shoals_end_grunt_garden, layout_shoals
Spider:1: layout_spider_delve, nicolae_spider_acid_house, uniq_jorgrun,
          uniq_louise
Spider:2: layout_cave_pods, uniq_roxanne
Spider:3: layout_spider_delve
Spider:4: grunt_spider_rune_circles
Orc:1:    layout_caves, portal_ice_cave_entry_pillars_2, nicolae_alphabet_shops,
          mines1_david
Orc:2:    st_orc_pillars, layout_diamond_mine, uniq_erolcha, uniq_azrael
Elf:1:    elf_arrival_002, layout_onion_city, serial_shops, shop,
          portal_desolation_entry_nicolae_nacl, orc_legates,
          minmay_elf_necromancy
Elf:2:    elven_hall_of_blades_hangedman_original [mumra_blade_entry_bloodbath],
          layout_loops_cross, serial_shops, shop, gammafunk_ghost_tricky_traps,
          uniq_zenata
Elf:3:    elf_hall, layout_loops_cross
Vaults:1: nicolae_vaults_network_square, vaults_mumra_chevron,
          nicolae_vaults_prndl, vaults_dpeg_ring, nicolae_vaults_angled_halls,
          v_alt_pattern_1, nicolae_vaults_yaktaur_gun_rack,
          layout_vaults_big_room
Vaults:2: nicolae_vaults_little_squares_1, v_pattern_5, vaults_room_pool,
          nicolae_vaults_closet_pinwheel_1, nicolae_vaults_little_ls,
          ontoclasm_vaults_hangar, layout_vaults_omnigrid, dummy_crypt_entry,
          uniq_frederick, uniq_bai_suzhen, uniq_asterion
Vaults:3: nicolae_vaults_trapezoid_lopsided_4,
          nicolae_vaults_offset_grid_hallway_2, ontoclasm_vaults_ligature,
          v_misc_5, nicolae_vaults_storing_the_good_stuff, v_rooms_2,
          nicolae_vaults_variable_pillar_hall, vaults_room_large_hall,
          ontoclasm_vaults_claustrophobia, hangedman_vaults_stagger,
          nicolae_vaults_network_s, ontoclasm_vaults_ring_small,
          nicolae_vaults_trapezoid_4, nicolae_vaults_little_squares_6,
          nicolae_vaults_mini_display_case, layout_vaults_ring
Vaults:4: infiniplex_enter_wizlab_spiral, nicolae_vaults_network_star,
          vaults_room_door_hall, nicolae_vaults_tetromino_T_1,
          nicolae_vaults_sesquioval_fish, ontoclasm_vaults_chip,
          grunt_tower_of_power, nicolae_vaults_closet_pinwheel_2,
          nicolae_vaults_cornered_office, nicolae_vaults_cochlea,
          layout_vaults_maze_bifur, serial_shops, nicolae_shop_stone
Vaults:5
Depths:1: minmay_bubble_buster, layout_cave_pools, grunt_hell_entry_dis_mu,
          nicolae_figureground_pulse, serial_shops,
          nicolae_shop_industrial_runoff, pan_entry, kiku_gazebo_garden_becter,
          uniq_aizul
Depths:2: gammafunk_dig_for_victory, layout_cave_pools, enter_ziggurat_a,
          bloody_trog, serial_column_ruins, column_ruins_portal_hut,
          column_ruins_hut_ruined, column_ruins_temple_hall,
          column_ruins_open_small, column_ruins_open_tiny,
          column_ruins_open_tiny, column_ruins_grid_1, grunt_pan_entry_zigzag,
          serial_shops, shop, shop, nicolae_shop_hallway_stairs,
          kennysheep_mini, shop, hell_entry, marbit_kobold_abyss_entry,
          serial_bayou_shore_b
Depths:3: hangedman_stitches_corridor, layout_basic, abyss_entry,
          grunt_hell_horde, nicolae_lava_and_water, serial_bayou_shore_a,
          uniq_margery, uniq_enchantress
Depths:4: grunt_x_marks_the_spot, layout_gridlike, nemelex_spade_bored_becter,
          hell_entry, minmay_shoptagon, serial_bayou_shore_b
Zot:1:    hellmonk_paralyzer, layout_misc_corridors, uniq_vv, uniq_tiamat
Zot:2:    layout_twisted_circle, ebering_ghost_gozag,
          nicolae_rock_paper_scissors
Zot:3:    layout_cathedral_of_symmetry, grunt_megastairs_3
Zot:4:    kennysheep_ambush_hall, layout_misc_corridors
Zot:5:    layout_misc_corridors

Skill      XL: |  1  2  3  4  5  6  7  8  9 10 11 12 13 14 15 16 17 18 19 20 21 22 23 24 25 26 27 |
---------------+----------------------------------------------------------------------------------+-----
Spellcasting   | 4 5 6 7 8 9 10 12 13 14 15 16 17 18 20 | 20.0
Conjurations   | 4 5 6 7 8 9 10 12 13 14 15 16 17 18 20 | 20.0
Hexes          | 4 5 6 7 8 9 10 12 13 14 15 16 17 18 20 | 20.0
Summonings     | 4 5 6 7 8 9 10 12 13 14 15 16 17 18 20 | 20.0
Necromancy     | 4 5 6 7 8 9 10 12 13 14 15 16 17 18 20 | 20.0
Translocations | 4 5 6 7 8 9 10 12 13 14 15 16 17 18 20 | 20.0
Transmutations | 4 5 6 7 8 9 10 12 13 14 15 16 17 18 20 | 20.0
Fire Magic     | 4 5 6 7 8 9 10 12 13 14 15 16 17 18 20 | 20.0
Ice Magic      | 4 5 6 7 8 9 10 12 13 14 15 16 17 18 20 | 20.0
Air Magic      | 4 5 6 7 8 9 10 12 13 14 15 16 17 18 20 | 20.0
Earth Magic    | 4 5 6 7 8 9 10 12 13 14 15 16 17 18 20 | 20.0
Poison Magic   | 4 5 6 7 8 9 10 12 13 14 15 16 17 18 20 | 20.0
Stealth        | 2 3 6 9 |  9.8
Fighting       | 1 2 3 5 7 9 10 12 13 14 15 16 17 18 19 20 | 20.0
Evocations     | 2 3 5 6 8 10 11 12 13 14 15 16 17 18 | 18.0
Dodging        | 3 4 5 6 7 8 9 10 11 12 14 15 16 18 | 18.1
Staves         | 2 4 |  4.0
Invocations    | 3 5 6 7 9 10 11 20 | 20.5
Armour         | 4 8 9 12 | 12.2
Shields        | 4 6 8 |  8.0
Long Blades    | 9 12 14 15 16 | 16.0

Action                     |  1- 3 |  4- 6 |  7- 9 | 10-12 | 13-15 | 16-18 | 19-21 | 22-24 | 25-27 || total
---------------------------+-------+-------+-------+-------+-------+-------+-------+-------+-------++-------
  Melee: Spear             |     2 |       |       |       |       |       |       |       |       ||     2
         Short sword       |       |       |    13 |     1 |       |       |       |       |       ||    14
         Hand axe          |       |       |       |     2 |    23 |    18 |    15 |     2 |       ||    60
         Staff             |       |       |       |     1 |     1 |       |     7 |       |       ||     9
         Double sword      |       |       |       |       |       |       |       |    81 |   866 ||   947
         Mace              |       |       |       |       |       |       |       |     1 |     4 ||     5
         Peck              |       |       |       |       |       |       |       |       |    18 ||    18
  Throw: Dart              |       |       |     8 |       |    31 |     5 |       |     1 |    10 ||    55
         Throwing net      |       |       |       |       |       |     1 |       |       |     2 ||     3
   Cast: Shock             |    53 |   112 |    92 |   190 |   125 |     4 |       |       |       ||   576
         Summon Small Mamm |     7 |    15 |    17 |     8 |     4 |     2 |       |       |       ||    53
         Static Discharge  |     2 |       |     6 |    27 |       |       |       |       |       ||    35
         Airstrike         |       |     4 |    49 |   208 |   535 |   719 |   890 |   344 |   395 ||  3144
         Call Canine Famil |       |       |    10 |    30 |    23 |    38 |    12 |       |       ||   113
         Arcjolt           |       |       |       |       |    50 |    68 |    56 |    44 |    26 ||   244
         Swiftness         |       |       |       |       |     1 |       |       |       |       ||     1
         Wereblood         |       |       |       |       |     1 |       |       |       |       ||     1
         Summon Cactus Gia |       |       |       |       |    30 |    93 |    67 |    54 |   145 ||   389
         Enfeeble          |       |       |       |       |       |       |    18 |    34 |   166 ||   218
         Discord           |       |       |       |       |       |       |     5 |    65 |   100 ||   170
         Summon Hydra      |       |       |       |       |       |       |       |    14 |   127 ||   141
         Dispersal         |       |       |       |       |       |       |       |     2 |     4 ||     6
 Invoke: Lesser Servant of |       |       |       |       |     3 |     4 |     4 |       |       ||    11
         Greater Servant o |       |       |       |       |       |       |       |       |     2 ||     2
  Evoke: Wand              |       |     4 |       |     2 |    12 |    21 |    28 |     3 |    82 ||   152
         Box of beasts     |       |       |       |       |     2 |     3 |     4 |     3 |     5 ||    17
         Phantom mirror    |       |       |       |       |       |     2 |     1 |     1 |     4 ||     8
         Phial of floods   |       |       |       |       |       |     1 |     1 |     1 |     2 ||     5
         Condenser vane    |       |       |       |       |       |     2 |     3 |     2 |     3 ||    10
         Lightning rod     |       |       |       |       |       |       |     4 |       |    12 ||    16
    Use: Scroll            |     5 |     4 |     5 |     4 |    18 |     4 |    11 |    13 |    35 ||    99
         Potion            |     1 |       |     1 |       |     2 |     1 |     5 |    12 |    36 ||    58
   Stab: Sleeping          |       |       |       |     1 |       |       |       |     4 |       ||     5
         Paralysed         |       |       |       |       |     2 |     1 |       |       |    13 ||    16
         Distracted        |       |       |       |       |       |     1 |     1 |     1 |    17 ||    20
         Invisible         |       |       |       |       |       |       |       |     2 |    59 ||    61
 Armour: Robe              |       |     6 |    18 |    19 |       |       |       |       |       ||    43
         Steam dragon scal |       |       |       |       |    42 |       |       |       |       ||    42
         Troll leather arm |       |       |       |       |     5 |    76 |    44 |    25 |    41 ||   191
         Acid dragon scale |       |       |       |       |       |       |       |       |   226 ||   226
         Skin              |       |       |       |       |       |       |       |       |    47 ||    47
  Dodge: Dodged            |     4 |     7 |    21 |   119 |   107 |   220 |   141 |   148 |   651 ||  1418
  Block: Buckler           |       |       |       |       |     7 |   133 |    78 |    52 |   310 ||   580

Table legend: (Time is in decaauts)
 A = Elapsed time spent in this place.
 B = Non-inter-level travel time spent in this place.
 C = Inter-level travel time spent in this place.
 D = Time resting spent in this place.
 E = Time spent auto-exploring this place.
 F = Levels seen in this place.
 G = Mean time per level.
                   A        B        C        D        E       F      G
               +--------+--------+--------+--------+--------+-----+--------+
         Total |  69952 |  62228 |   7724 |  10750 |  24590 |  52 | 1345.2 |
       Dungeon |  20502 |  16749 |   3753 |   3000 |   6773 |  15 | 1366.8 |
        Temple |      1 |      1 |      0 |      0 |      0 |   1 |    1.0 |
          Lair |   8421 |   7735 |    686 |   2860 |   2134 |   5 | 1684.2 |
        Shoals |   4179 |   3845 |    334 |    383 |   1476 |   4 | 1044.8 |
   Spider Nest |   3534 |   3174 |    360 |    228 |   1416 |   4 |  883.5 |
  Orcish Mines |   3401 |   2880 |    521 |    957 |    822 |   2 | 1700.5 |
   Elven Halls |   3695 |   3408 |    287 |    232 |   1572 |   3 | 1231.7 |
        Vaults |   7319 |   6688 |    631 |    516 |   3174 |   5 | 1463.8 |
        Depths |   5450 |   4988 |    462 |    599 |   2116 |   4 | 1362.5 |
           Zot |  10717 |  10030 |    687 |   1435 |   4830 |   5 | 2143.4 |
         Sewer |    176 |    176 |      0 |     15 |      0 |   1 |  176.0 |
      Ice Cave |    983 |    983 |      0 |    431 |     57 |   1 |  983.0 |
        Wizlab |    361 |    361 |      0 |      0 |     33 |   1 |  361.0 |
    Desolation |   1207 |   1207 |      0 |     93 |    187 |   1 | 1207.0 |
               +--------+--------+--------+--------+--------+-----+--------+

Top non-repeatable levels by time:
   Zot:5: 3883 daAuts
  Lair:5: 2683 daAuts
   Orc:2: 2487 daAuts
     D:4: 2471 daAuts
   Zot:2: 2423 daAuts
     D:9: 1981 daAuts
Vaults:5: 1951 daAuts
   Zot:1: 1779 daAuts
  Lair:1: 1729 daAuts
Depths:3: 1711 daAuts
Vaults:3: 1595 daAuts
     D:8: 1573 daAuts
  Lair:4: 1518 daAuts
Depths:4: 1483 daAuts
    D:10: 1437 daAuts
